 Dungeon Crawl Stone Soup version 0.25-a0-842-g81a31cfd23 (webtiles) character file.

Game seed: 11625888578632581679, levelgen mode: deterministic

2559 kae the Severer (level 9, 0/70 HPs)
             Began as a Hill Orc Fighter on Apr 24, 2020.
             Was a Follower of Makhleb.
             Slain by a killer bee (8 damage)
             ... on level 7 of the Dungeon.
             The game lasted 00:04:18 (6724 turns).

kae the Severer (Hill Orc Fighter)                  Turns: 6724, Time: 00:04:19

Health: 0/70       AC:  7    Str: 22    XL:     9   Next: 56%
Magic:  10/10      EV:  7    Int:  8    God:    Makhleb [*.....]
Gold:   365        SH:  9    Dex: 10    Spells: 8/8 levels left

rFire    . . .     SeeInvis .   a - +1 war axe
rCold    . . .     Gourm    .   c - +0 kite shield
rNeg     . . .     Faith    .   b - +1 scale mail
rPois    .         Spirit   .   (no helmet)
rElec    .         Reflect  .   (no cloak)
rCorr    .         Harm     .   (no gloves)
MR       .....                  (no boots)
Stlth    ..........             (no amulet)
HPRegen  0.21/turn              (no ring)
MPRegen  0.12/turn              (no ring)

@: lethally poisoned (0 -> -4)
A: no striking features
a: Renounce Religion


You were on level 7 of the Dungeon.
You worshipped Makhleb.
Makhleb was aware of your devotion.
You were not hungry.

You visited 1 branch of the dungeon, and saw 7 of its levels.
You also visited: Ossuary.

You collected 365 gold pieces.

Inventory:

Hand Weapons
 a - a +1 war axe (weapon)
 u - a +3 battleaxe
Armour
 b - a +1 scale mail (worn)
 c - a +0 kite shield (worn)
Jewellery
 B - an uncursed ring of stealth {unknown}
Wands
 g - a wand of polymorph (10)
 o - a wand of iceblast (3)
 E - a wand of random effects (25)
 F - a wand of digging (8)
Scrolls
 h - a scroll of magic mapping
 i - a scroll of enchant armour
 j - 6 scrolls of teleportation
 r - 3 scrolls of fear {unknown}
 t - a scroll of amnesia
 w - 2 scrolls of enchant weapon
 x - a scroll of noise {unknown}
 y - 2 scrolls of identify
 C - a scroll of remove curse
 D - a scroll of fog {unknown}
Potions
 d - 3 potions of might
 e - 3 potions of curing
 k - 2 potions of stabbing {unknown}
 l - a potion of ambrosia {unknown}
 m - 4 potions of brilliance {unknown}
 n - a potion of magic
 p - 2 potions of berserk rage
 q - 3 potions of mutation
 s - 4 potions of haste
 v - a potion of flight {unknown}
 z - a potion of invisibility {unknown}
 A - a potion of experience {unknown}
Comestibles
 f - 16 rations


   Skills:
 - Level 3.6 Fighting
 * Level 15.5 Axes
 - Level 3.2 Armour
 - Level 3.2 Shields
 + Level 1.9 Invocations


You had 8 spell levels left.
You didn't know any spells.
Your spell library was empty.

Dungeon Overview and Level Annotations

Branches:
Dungeon (7/15)             Temple (0/1) D:7         Ossuary (visited)

Altars:
Fedhas
Kikubaaqudgha
Makhleb
Okawaru
Qazlal
Sif Muna
Uskayaw
Vehumet
The Shining One

Shops:
D:4 %   D:6 %

Annotations:
D:5 1 runed translucent door, CannibalFerox's ghost, amateur DsNe


Message History

The killer bee stings you.
* * * LOW HITPOINT WARNING * * *
You slash the killer bee!
The killer bee is almost dead.
* * * LOW HITPOINT WARNING * * *
You feel sick. You block the killer bee's attack.
The killer bee stings you but does no damage.
You closely miss the killer bee.
The killer bee is almost dead.
* * * LOW HITPOINT WARNING * * *
You feel sick. The killer bee stings you.
* * * LOW HITPOINT WARNING * * *
You feel better. The killer bee stings you.
* * * LOW HITPOINT WARNING * * *
You are poisoned.
The killer bee poisons you! The killer bee barely misses you.
You hit the killer bee but do no damage.
The killer bee is almost dead.
You feel sick. You block the killer bee's attack. The killer bee stings you!
You die...

..# . ..# ..
#.# ... #.# #
..###.###.##
....... . #
#)y.# .#.#
##.@†##.#.###
##............
##....†.#.#.##
#......<.......
#.......##..###
..# #.#....##
.# ..###
#.#....# #
....# #......#
#.#.# #..###.#


You could see a killer bee.

Vanquished Creatures
  Sigmund (D:3)
  2 orc warriors
  An ice beast (D:6)
  3 ogres
  A centaur (D:5)
  2 elf zombies (Ossuary)
  2 bullfrogs
  A scorpion (D:4)
  5 wights
  3 killer bees (D:7)
  4 crimson imps
  4 hounds
  A human zombie (Ossuary)
  A centaur zombie (Ossuary)
  3 orc priests
  5 orc wizards
  A quasit (D:5)
  9 worker ants
  A centaur skeleton (D:6)
  An iguana (D:4)
  2 hound zombies (Ossuary)
  4 mummies
  A worker ant zombie (D:5)
  3 adders
  3 shadow imps
  3 oozes (D:1)
  5 adder zombies (Ossuary)
  3 worms
  3 dart slugs
  A leopard gecko (D:1)
  21 orcs
  7 giant cockroaches
  6 goblins
  5 hobgoblins
  10 jackals
  8 kobolds
  2 quokkas
  A ball python (D:1)
  11 bats
  5 frilled lizards
  8 goblin zombies
  5 hobgoblin zombies
  A jackal zombie (Ossuary)
  3 kobold zombies (Ossuary)
  A leopard gecko skeleton (D:4)
  2 orc zombies (Ossuary)
  A quokka skeleton (D:6)
  3 quokka zombies (Ossuary)
  3 rats
  3 rat zombies (Ossuary)
185 creatures vanquished.

Vanquished Creatures (others)
  A hound skeleton (D:6)
1 creature vanquished.

Grand Total: 186 creatures vanquished

Notes
Turn   | Place    | Note
-------+----------+-------------------------------------------
     0 | D:1      | kae the Hill Orc Fighter began the quest for the Orb.
     0 | D:1      | Reached XP level 1. HP: 19/19 MP: 1/1
    60 | D:1      | You fall into a shaft and drop 1 floor!
    67 | D:2      | Reached skill level 3 in Axes
    79 | D:2      | Noticed a worker ant
    90 | D:2      | Killed a worker ant
    90 | D:2      | Reached skill level 4 in Axes
    90 | D:2      | Reached XP level 2. HP: 7/26 MP: 2/2
    90 | D:2      | Reached XP level 3. HP: 9/31 MP: 3/3
   359 | D:1      | Reached skill level 5 in Axes
   564 | D:1      | Reached XP level 4. HP: 34/39 MP: 4/4
  1185 | D:2      | Reached skill level 6 in Axes
  1629 | D:2      | Found an ancient bone altar of Kikubaaqudgha.
  1814 | D:3      | Noticed Sigmund
  1825 | D:3      | Killed Sigmund
  1825 | D:3      | Reached skill level 8 in Axes
  1825 | D:3      | Reached XP level 5. HP: 33/45 MP: 5/5
  1825 | D:3      | Reached XP level 6. HP: 38/51 MP: 6/6
  2289 | D:3      | Found an iron altar of Okawaru.
  2301 | D:3      | Found a glowing golden altar of the Shining One.
  2490 | D:4      | Reached skill level 9 in Axes
  2627 | D:4      | Reached XP level 7. HP: 30/57 MP: 7/7
  2631 | D:4      | Reached skill level 10 in Axes
  2632 | D:4      | Found a sand-covered staircase.
  2677 | Ossuary  | Entered an ossuary
  3012 | Ossuary  | Reached skill level 11 in Axes
  3369 | Ossuary  | Reached XP level 8. HP: 27/64 MP: 8/8
  3579 | D:4      | Found a stormy altar of Qazlal.
  3594 | D:4      | Noticed a water elemental
  3594 | D:4      | Noticed an air elemental
  3730 | D:4      | Reached skill level 12 in Axes
  3777 | D:4      | Found Siapp's Food Boutique.
  3846 | D:4      | Found a shimmering blue altar of Sif Muna.
  4287 | D:5      | Entered Level 5 of the Dungeon
  4287 | D:5      | Found a runed translucent door.
  4437 | D:5      | Noticed CannibalFerox's ghost (amateur DsNe)
  4499 | D:4      | Found a hide-covered altar of Uskayaw.
  4499 | D:4      | Found a radiant altar of Vehumet.
  4658 | D:5      | Reached skill level 13 in Axes
  4856 | D:5      | Found a burning altar of Makhleb.
  4894 | D:5      | Found a blossoming altar of Fedhas.
  4896 | D:5      | Became a worshipper of Makhleb the Destroyer
  5456 | D:6      | Reached skill level 14 in Axes
  5456 | D:6      | Reached XP level 9. HP: 6/70 MP: 9/9
  5885 | D:6      | Reached * piety under Makhleb
  6192 | D:6      | Found Luigivi's Food Emporium.
  6335 | D:7      | Reached skill level 15 in Axes
  6455 | D:7      | Found a staircase to the Ecumenical Temple.
  6700 | D:7      | Reached skill level 1 in Invocations
  6724 | D:7      | Slain by a killer bee

Levels and vault maps discovered:
D:1:      minmay_arrival_stone_box, layout_loops_cross
D:2:      layout_loops_corners, kiku_gazebo_pond_becter, first_ration
D:3:      layout_basic, okawaru_ov_weapons_minmay, lemuel_round_altar,
          uniq_sigmund
D:4:      layout_basic, nicolae_overflow_hidden_temple,
          nicolae_qazlal_style_of_elements, led_sif_pool,
          nicolae_ossuary_entry_giza, serial_shops, shop, minmay_misc_feat_tiny
D:5:      layout_rooms, fedhas_altar_3, overflow_temple_1_default,
          ebering_ghost_reflecting_pool
D:6:      layout_rooms, serial_shops, kennysheep_mini_moat, lemuel_old_faithful
D:7:      layout_loops_ring, kennysheep_little_box, minmay_temple_entry_waves,
          grunt_ogre_cave

Skill      XL: |  1  2  3  4  5  6  7  8  9 |
---------------+----------------------------+-----
Axes           | 4 5 8 9 11 14 15 | 15.5
Invocations    | 1 |  1.9
Fighting       | |  3.6
Armour         | |  3.2
Shields        | |  3.2

Action                   |  1- 3 |  4- 6 |  7- 9 || total
-------------------------+-------+-------+-------++-------
Melee: War axe           |    64 |   140 |   464 ||   668
       Unarmed           |       |     8 |       ||     8
Evoke: Wand              |       |     2 |     1 ||     3
  Use: Scroll            |       |     5 |     7 ||    12
       Potion            |       |       |     3 ||     3
  Eat: Chunk             |       |     6 |    13 ||    19
Armor: Scale mail        |    38 |    55 |   131 ||   224
       Skin              |       |     1 |       ||     1
Dodge: Dodged            |    17 |    49 |   105 ||   171
Block: Kite shield       |    28 |    66 |   155 ||   249

Table legend:
 A = Non-vault XP
 B = Vault XP
 C = Vault XP percentage of total XP
 D = Non-vault monster count
 E = Vault monster count
 F = Vault count percentage of total count
                 A         B        C        D         E       F
            +---------+---------+-------+---------+---------+-------
      Total |    2979 |     677 |  18.5 |     144 |      41 |  22.2
            +---------+---------+-------+---------+---------+-------
        D:1 |      62 |       0 |   0.0 |      26 |       0 |   0.0
        D:2 |      89 |       0 |   0.0 |      17 |       0 |   0.0
        D:3 |      88 |     231 |  72.4 |      22 |       1 |   4.3
        D:4 |     677 |      20 |   2.9 |      28 |       3 |   9.7
        D:5 |     540 |       0 |   0.0 |      14 |       0 |   0.0
        D:6 |     837 |       0 |   0.0 |      22 |       0 |   0.0
        D:7 |     686 |       0 |   0.0 |      15 |       0 |   0.0
    Ossuary |       0 |     426 | 100.0 |       0 |      37 | 100.0
            +---------+---------+-------+---------+---------+-------
